 Dungeon Crawl Stone Soup version 0.27-a0-79-gcaaa221d37 (webtiles) character file.

Game seed: 14179593984493616904

557 gruber the Digger (level 7, -5/59 HPs)
             Began as a Troll Earth Elementalist on Jan 14, 2021.
             Slain by a hornet zombie (12 damage)
             ... on level 5 of the Dungeon.
             The game lasted 00:05:08 (3639 turns).

gruber the Digger (Troll Earth Elementalist)        Turns: 3639, Time: 00:05:09

Health: -5/59      AC:  6    Str: 17    XL:     7   Next: 9%
Magic:  0/7        EV: 10    Int: 13    God:
Gold:   203        SH:  0    Dex: 10    Spells: 6/8 levels left

rFire    + . .     SeeInvis .     - Unarmed
rCold    + . .     Faith    .   (no shield)
rNeg     . . .     Spirit   .   c - +0 robe
rPois    .         Reflect  .   (helmet restricted)
rElec    .         Harm     .   n - scarf {rC+ rF+}
rCorr    .         Rampage  .   (gloves unavailable)
Will     .....                  (boots unavailable)
Stlth    +.........             (no amulet)
HPRegen  0.59/turn              (no ring)
MPRegen  0.10/turn              (no ring)

@: no status effects
A: large, unfitting armour, claws 3, regeneration 1, shaggy fur 1, tough skin 3
a: no special abilities


You were on level 5 of the Dungeon.
You visited 1 branch of the dungeon, and saw 5 of its levels.

You collected 203 gold pieces.

Inventory:

Missiles
 b - 189 stones
Armour
 c - a +0 robe (worn)
 n - a scarf of resistance (worn)
Wands
 l - a wand of disintegration (6)
Scrolls
 f - 3 scrolls of identify {unknown}
 h - a scroll of remove curse {unknown}
 i - a scroll of enchant weapon {unknown}
 j - a scroll of fog {unknown}
 k - a scroll of blinking {unknown}
 m - 2 scrolls of fear {unknown}
 p - 2 scrolls of amnesia {unknown}
 s - 3 scrolls of teleportation {unknown}
 t - a scroll of random uselessness {unknown}
Potions
 a - 2 potions of curing {unknown}
 d - 4 potions of brilliance {unknown}
 e - 2 potions of flight {unknown}
 g - a potion of attraction {unknown}
 o - 2 potions of resistance {unknown}
 q - a potion of mutation {unknown}
 r - a potion of invisibility {unknown}
 u - a potion of heal wounds {unknown}
 v - a potion of lignification {unknown}
 w - a potion of might {unknown}


   Skills:
 * Level 1.9 Dodging
 - Level 1.0 Stealth
 - Level 4.0 Unarmed Combat
 - Level 1.2 Spellcasting
 - Level 0.6 Transmutations
 - Level 6.2 Earth Magic


You had 6 spell levels left.
You knew the following spells:

 Your Spells              Type           Power        Failure   Level
a - Sandblast             Erth           34%          2%          1
b - Beastly Appendage     Tmut           4%           22%         1

Your spell library contained the following spells:

 Spells                   Type           Power        Failure   Level
 Passwall                 Tmut/Erth      7%           11%         2
 Stone Arrow              Conj/Erth      16%          22%         3
 Wereblood                Tmut           2%           32%         2
 Lee's Rapid Deconstruct  Erth           8%           52%         5
 Petrify                  Tmut/Erth      9%           56%         4
 Spider Form              Tmut/Pois      0%           58%         3
 Ice Form                 Ice/Tmut       1%           94%         4
 Blade Hands              Tmut           1%           99%         5


Dungeon Overview and Level Annotations

Branches:
Dungeon (5/15)
 Temple: D:4-7

Altars:
Kikubaaqudgha

Annotations:
D:4 Sigmund


Innate Abilities, Weirdness & Mutations

You are too large for most types of armour.
You have claws for hands.
Your natural rate of healing is unusually fast.
You are covered in fur. (AC +1)
You have extremely tough skin. (AC +3)


Message History

The hornet zombie is severely damaged.
The hornet zombie hits you but does no damage.
Unknown command.
Unknown command.
The hornet zombie hits you.
* * * LOW HITPOINT WARNING * * *
The hornet zombie hits you.
* * * LOW HITPOINT WARNING * * *
Casting: Sandblast (safe; 2% risk of failure)
Confirm with . or Enter, or press ? or * to list all spells.
Aiming: Sandblast (safe; 2% risk of failure)
Press: ? - help, Shift-Dir - straight line, f/p - hornet zombie
Aim: a hornet zombie (severely damaged, 18% to evade)
The blast of sand hits the hornet zombie!
The hornet zombie is almost destroyed.
The hornet zombie hits you.
* * * LOW HITPOINT WARNING * * *
Unknown command.
The hornet zombie hits you!
You die...

#...#........#.....#....
#...##....####.....#....
######...##....####.....#....
+..............#........#....
#..............#........#....
#..............#........#....
#..............#........#....
#######..###...###...####....
#..###@..###...# ####.
#....Z.........# +.
#..............# #.
#..............# #.
#..............# #.
#..............# #.
#..............# #.
#.##########...# ##. ## ...#
#..


You could see a hornet zombie.

Vanquished Creatures
  An ice beast (D:2)
  An ogre (D:5)
  A bullfrog (D:5)
  2 orc priests (D:4)
  A hound (D:5)
  2 orc wizards (D:4)
  A bullfrog skeleton (D:5)
  2 adders
  3 gnolls (D:2)
  A shadow imp (D:5)
  A white imp (D:5)
  An ooze (D:3)
  A worm (D:3)
  2 dart slugs (D:1)
  3 leopard geckos
  6 orcs
  9 bats
  4 giant cockroaches (D:2)
  9 hobgoblins
  3 jackals (D:3)
  2 quokkas
  7 frilled lizards
  4 goblins
  3 kobolds
  7 rats
77 creatures vanquished.

Notes
Turn   | Place    | Note
-------+----------+-------------------------------------------
     0 | D:1      | gruber the Troll Earth Elementalist began the quest for the
                  | Orb.
     0 | D:1      | Reached XP level 1. HP: 16/16 MP: 1/1
   105 | D:1      | Reached skill level 3 in Earth Magic
   153 | D:1      | Reached XP level 2. HP: 23/24 MP: 2/2
   716 | D:2      | Reached XP level 3. HP: 31/31 MP: 3/3
   773 | D:2      | Reached skill level 4 in Earth Magic
  1050 | D:2      | Reached XP level 4. HP: 39/39 MP: 0/4
  1422 | D:2      | Noticed an ice beast
  1591 | D:2      | Killed an ice beast
  1592 | D:2      | Reached skill level 5 in Earth Magic
  1592 | D:2      | Reached XP level 5. HP: 10/45 MP: 0/5
  1844 | D:3      | Learned a level 1 spell: Beastly Appendage
  2106 | D:3      | Found an ancient bone altar of Kikubaaqudgha.
  2849 | D:4      | Reached skill level 6 in Earth Magic
  2859 | D:4      | Reached XP level 6. HP: 27/53 MP: 0/6
  3026 | D:4      | Noticed Sigmund
  3216 | D:4      | Reached skill level 1 in Unarmed Combat
  3387 | D:5      | Entered Level 5 of the Dungeon
  3541 | D:5      | Reached XP level 7. HP: 51/59 MP: 7/7
  3639 | D:5      | Slain by a hornet zombie

Illustrated notes

Levels and vault maps discovered:
D:1:      dpeg_arrival_orchard, layout_loops_ring, minivault_27
D:2:      layout_basic
D:3:      layout_loops_ring, overflow_temple_1_default, kennysheep_donut,
          tgw_sif
D:4:      layout_loops_cross, uniq_sigmund
D:5:      layout_gridville, uniq_ijyb, uniq_grinder, uniq_prince_ribbit1

Skill      XL: |  1  2  3  4  5  6 |
---------------+-------------------+-----
Earth Magic    | 3 4 5 6 |  6.2
Unarmed Combat | 4 |  4.0
Dodging        | |  1.9
Stealth        | |  1.0
Spellcasting   | |  1.2
Transmutations | |  0.6

Action                   |  1- 3 |  4- 6 |  7- 9 || total
-------------------------+-------+-------+-------++-------
Melee: Unarmed           |   124 |   168 |    10 ||   302
       Kick              |       |     7 |       ||     7
       Headbutt          |       |     2 |       ||     2
 Cast: Sandblast         |     5 |    28 |     8 ||    41
       Beastly Appendage |       |     5 |     1 ||     6
 Stab: Sleeping          |     2 |       |       ||     2
Armor: Robe              |    50 |    64 |     5 ||   119
Dodge: Dodged            |    80 |    81 |    12 ||   173

Table legend: (Time is in decaauts)
 A = Elapsed time spent in this place.
 B = Non-inter-level travel time spent in this place.
 C = Inter-level travel time spent in this place.
 D = Time resting spent in this place.
 E = Time spent auto-exploring this place.
 F = Levels seen in this place.
 G = Mean time per level.
                   A        B        C        D        E       F      G
               +--------+--------+--------+--------+--------+-----+--------+
         Total |   3635 |   3319 |    316 |      0 |   2486 |   5 |  727.0 |
       Dungeon |   3635 |   3319 |    316 |      0 |   2486 |   5 |  727.0 |
               +--------+--------+--------+--------+--------+-----+--------+

Top non-repeatable levels by time:
     D:2: 1067 daAuts
     D:3: 964 daAuts
     D:1: 708 daAuts
     D:4: 645 daAuts
     D:5: 250 daAuts
